[ AOE2 MATCH · #505995882 ]
UnrankedPersians vs Hindustanis
Player's team · WIN
[ REPLAY ANALYSIS · EXTRACTED FROM THE RECORDED GAME ]
Feudal
18:57
Castle
23:10
Imperial
—
| APM avg | 65.9 |
| APM peak | 92 |
| eAPM avg | 30.1 |
| Villagers / military | 75 / 19 |
Focus
⚔️ 23.7% · 🌾 76.3%
Knight ×11 · Camel Scout ×4 · Monk ×2 · Mangonel ×2
Feudal
9:30
Castle
25:36
Imperial
—
| APM avg | 61.6 |
| APM peak | 106 |
| eAPM avg | 18.9 |
| Villagers / military | 37 / 19 |
Focus
⚔️ 30.3% · 🌾 69.7%
Camel Scout ×12 · Archer ×7
Match map
Initial resources + every placement click. Lines = walls · curves = elevation contours. ◆ gold · ⬟ stone · ● berries · ✦ relic · ◌ wall gap
Your base· Open — unwalled flank
ELEG | Huitzilopochtli's base· Open — 14t gap
Smoothed initial terrain · ◌ = detected wall gap · hover for details
Inputs per minute
— Macuahuitil_MX - - ELEG | Huitzilopochtli
Build order — Macuahuitil_MX
First 150 of 183 actions detected
| 0:01 | Create | Villager (Male) |
| 0:01 | Create | Villager (Male) |
| 0:01 | Create | Villager (Male) |
| 0:01 | Create | Villager (Male) |
| 0:02 | Build | House |
| 0:04 | Build | House |
| 0:09 | Create | Villager (Male) |
| 1:29 | Create | Villager (Male) |
| 1:29 | Create | Villager (Male) |
| 1:58 | Create | Villager (Male) |
| 2:06 | Create | Villager (Male) |
| 2:06 | Create | Villager (Male) |
| 2:07 | Build | Lumber Camp |
| 2:13 | Build | Lumber Camp |
| 2:40 | Create | Villager (Male) |
| 2:40 | Create | Villager (Male) |
| 3:14 | Create | Villager (Male) |
| 3:14 | Create | Villager (Male) |
| 3:39 | Build | House |
| 3:48 | Create | Villager (Male) |
| 3:48 | Create | Villager (Male) |
| 4:17 | Create | Villager (Male) |
| 4:18 | Create | Villager (Male) |
| 4:18 | Create | Villager (Male) |
| 4:27 | Create | Villager (Male) |
| 4:28 | Create | Villager (Male) |
| 5:17 | Build | House |
| 5:17 | Create | Villager (Male) |
| 5:29 | Create | Villager (Male) |
| 5:51 | Build | House |
| 5:53 | Create | Villager (Male) |
| 6:03 | Create | Villager (Male) |
| 6:19 | Research | Loom |
| 6:59 | Build | Town Center |
| 7:18 | Build | Palisade Wall |
| 7:19 | Build | Palisade Wall |
| 7:23 | Build | Palisade Wall |
| 7:28 | Build | Palisade Wall |
| 7:46 | Create | Villager (Male) |
| 7:47 | Create | Villager (Male) |
| 7:47 | Create | Villager (Male) |
| 7:47 | Create | Villager (Male) |
| 7:47 | Create | Villager (Male) |
| 7:48 | Create | Villager (Male) |
| 8:23 | Build | Mill |
| 8:29 | Build | Palisade Wall |
| 8:32 | Build | Palisade Wall |
| 8:34 | Build | Palisade Wall |
| 9:32 | Create | Villager (Male) |
| 9:32 | Create | Villager (Male) |
| 10:26 | Build | Mill |
| 10:27 | Create | Villager (Male) |
| 10:27 | Create | Villager (Male) |
| 10:29 | Build | House |
| 10:42 | Build | House |
| 11:07 | Create | Villager (Male) |
| 11:07 | Create | Villager (Male) |
| 11:28 | Create | Villager (Male) |
| 11:28 | Create | Villager (Male) |
| 11:47 | Create | Villager (Male) |
| 11:48 | Create | Villager (Male) |
| 12:06 | Create | Villager (Male) |
| 12:07 | Create | Villager (Male) |
| 12:15 | Build | Farm |
| 12:17 | Build | Farm |
| 12:20 | Build | Farm |
| 12:22 | Create | Villager (Male) |
| 12:40 | Create | Villager (Male) |
| 12:40 | Create | Villager (Male) |
| 12:47 | Build | Farm |
| 12:54 | Create | Villager (Male) |
| 12:54 | Create | Villager (Male) |
| 13:00 | Build | House |
| 13:10 | Create | Villager (Male) |
| 13:10 | Create | Villager (Male) |
| 13:15 | Create | Villager (Male) |
| 13:16 | Create | Villager (Male) |
| 13:27 | Create | Villager (Male) |
| 13:27 | Create | Villager (Male) |
| 13:38 | Build | Palisade Wall |
| 13:38 | Create | Villager (Male) |
| 13:43 | Build | Palisade Wall |
| 13:46 | Build | Palisade Wall |
| 13:46 | Create | Villager (Male) |
| 13:46 | Create | Villager (Male) |
| 13:49 | Build | Palisade Wall |
| 13:50 | Build | Palisade Wall |
| 13:52 | Build | Palisade Wall |
| 13:54 | Build | Palisade Wall |
| 13:55 | Build | Palisade Wall |
| 13:55 | Build | Palisade Wall |
| 14:08 | Create | Villager (Male) |
| 14:31 | Create | Villager (Male) |
| 14:31 | Create | Villager (Male) |
| 14:31 | Create | Villager (Male) |
| 14:40 | Build | Mill |
| 15:25 | Build | Mining Camp |
| 15:32 | Build | Farm |
| 15:51 | Build | Palisade Wall |
| 15:56 | Research | Feudal Age |
| 15:56 | Research | Feudal Age |
| 16:07 | Build | Palisade Wall |
| 16:36 | Build | Palisade Wall |
| 17:13 | Build | Palisade Wall |
| 17:21 | Build | Palisade Wall |
| 17:22 | Build | Palisade Wall |
| 17:22 | Build | Palisade Wall |
| 17:22 | Build | Palisade Wall |
| 17:28 | Build | Farm |
| 17:29 | Build | Farm |
| 17:32 | Build | Farm |
| 17:33 | Build | Farm |
| 18:57 | Age | Feudal Age |
| 19:00 | Create | Villager (Male) |
| 19:04 | Create | Villager (Male) |
| 19:16 | Build | Market |
| 19:27 | Build | House |
| 19:44 | Create | Villager (Male) |
| 19:59 | Build | Watch Tower |
| 20:10 | Build | Blacksmith |
| 20:14 | Research | Double-Bit Axe |
| 20:16 | Create | Villager (Male) |
| 20:45 | Research | Castle Age |
| 20:45 | Research | Castle Age |
| 20:53 | Build | Farm |
| 20:58 | Research | Horse Collar |
| 21:07 | Build | Barracks |
| 21:14 | Build | House |
| 21:38 | Build | Farm |
| 21:44 | Research | Scale Barding Armor |
| 21:56 | Build | Stable |
| 22:25 | Build | Farm |
| 22:27 | Build | Farm |
| 22:56 | Create | Villager (Male) |
| 23:10 | Age | Castle Age |
| 23:12 | Create | Knight |
| 23:34 | Create | Villager (Male) |
| 23:43 | Create | Knight |
| 23:49 | Create | Knight |
| 23:57 | Create | Knight |
| 24:03 | Build | Siege Workshop |
| 24:04 | Create | Knight |
| 24:12 | Build | Farm |
| 24:13 | Build | Farm |
| 24:18 | Create | Villager (Male) |
| 24:18 | Create | Villager (Male) |
| 24:26 | Build | Stable |
| 24:36 | Create | Villager (Male) |
| 24:53 | Research | Bloodlines |
| 25:04 | Build | Mining Camp |
Build order — ELEG | Huitzilopochtli
125 actions detected in the replay
| 0:00 | Create | Villager (Male) |
| 0:01 | Create | Villager (Male) |
| 0:01 | Create | Villager (Male) |
| 0:01 | Create | Villager (Male) |
| 0:02 | Create | Villager (Male) |
| 0:03 | Build | House |
| 0:05 | Build | House |
| 1:17 | Create | Villager (Male) |
| 1:17 | Create | Villager (Male) |
| 1:33 | Create | Villager (Male) |
| 1:44 | Build | Lumber Camp |
| 2:01 | Create | Villager (Male) |
| 2:22 | Create | Villager (Male) |
| 2:44 | Create | Villager (Male) |
| 3:00 | Build | House |
| 3:17 | Create | Villager (Male) |
| 3:39 | Create | Villager (Male) |
| 3:59 | Create | Villager (Male) |
| 4:11 | Build | Palisade Gate |
| 4:35 | Create | Villager (Male) |
| 4:38 | Research | Loom |
| 4:59 | Create | Villager (Male) |
| 5:04 | Create | Villager (Male) |
| 5:47 | Build | Mill |
| 6:22 | Research | Loom |
| 6:29 | Build | Palisade Wall |
| 6:31 | Build | Palisade Wall |
| 6:36 | Build | Palisade Wall |
| 7:20 | Research | Feudal Age |
| 8:56 | Build | House |
| 9:30 | Age | Feudal Age |
| 11:06 | Build | Town Center |
| 12:13 | Create | Villager (Male) |
| 12:17 | Create | Villager (Male) |
| 12:18 | Create | Villager (Male) |
| 12:31 | Research | Double-Bit Axe |
| 12:44 | Build | House |
| 12:46 | Build | Palisade Wall |
| 12:51 | Build | Palisade Wall |
| 12:53 | Build | Palisade Wall |
| 12:55 | Build | Palisade Wall |
| 12:57 | Build | Palisade Wall |
| 13:13 | Build | Barracks |
| 13:24 | Build | Palisade Wall |
| 13:26 | Build | Palisade Wall |
| 14:07 | Create | Villager (Male) |
| 14:09 | Create | Villager (Male) |
| 14:12 | Build | Archery Range |
| 14:15 | Build | Palisade Wall |
| 14:16 | Build | Palisade Wall |
| 14:18 | Build | Palisade Wall |
| 14:20 | Create | Villager (Male) |
| 14:56 | Build | Palisade Wall |
| 14:57 | Build | Palisade Wall |
| 14:59 | Create | Archer |
| 14:59 | Create | Archer |
| 15:01 | Build | House |
| 15:02 | Build | House |
| 15:11 | Build | Mining Camp |
| 15:32 | Create | Villager (Male) |
| 16:47 | Build | Palisade Wall |
| 16:52 | Create | Villager (Male) |
| 16:54 | Build | Farm |
| 16:55 | Build | Farm |
| 16:55 | Build | Farm |
| 16:55 | Build | Farm |
| 16:56 | Build | Farm |
| 16:58 | Build | Farm |
| 17:10 | Build | Palisade Wall |
| 17:19 | Create | Archer |
| 17:19 | Create | Archer |
| 17:20 | Create | Villager (Male) |
| 17:28 | Build | Farm |
| 17:50 | Create | Villager (Male) |
| 18:08 | Create | Villager (Male) |
| 18:08 | Create | Archer |
| 18:21 | Build | Blacksmith |
| 18:29 | Create | Villager (Male) |
| 18:33 | Build | House |
| 18:37 | Create | Villager (Male) |
| 19:07 | Create | Archer |
| 19:07 | Create | Archer |
| 19:28 | Build | Palisade Wall |
| 19:35 | Create | Villager (Male) |
| 20:08 | Create | Villager (Male) |
| 20:11 | Build | Farm |
| 20:15 | Build | Market |
| 20:18 | Build | Farm |
| 20:44 | Create | Villager (Male) |
| 20:47 | Build | Farm |
| 21:11 | Create | Villager (Male) |
| 22:11 | Build | Farm |
| 22:14 | Build | Farm |
| 22:30 | Create | Villager (Male) |
| 22:56 | Research | Castle Age |
| 24:03 | Build | House |
| 24:05 | Build | House |
| 24:08 | Build | House |
| 24:10 | Build | Palisade Wall |
| 24:14 | Build | Palisade Wall |
| 24:17 | Build | House |
| 24:21 | Build | Palisade Wall |
| 24:23 | Build | House |
| 24:26 | Build | Palisade Wall |
| 24:44 | Build | Stable |
| 24:53 | Research | Scale Barding Armor |
| 25:35 | Build | Stable |
| 25:36 | Age | Castle Age |
| 25:38 | Create | Camel Scout |
| 25:38 | Create | Camel Scout |
| 25:43 | Create | Villager (Male) |
| 25:56 | Create | Camel Scout |
| 26:04 | Create | Camel Scout |
| 26:04 | Create | Camel Scout |
| 26:06 | Build | Farm |
| 26:06 | Build | Farm |
| 26:16 | Create | Camel Scout |
| 27:31 | Create | Camel Scout |
| 27:31 | Create | Camel Scout |
| 27:48 | Create | Camel Scout |
| 27:57 | Create | Villager (Male) |
| 28:01 | Build | Mining Camp |
| 28:21 | Create | Camel Scout |
| 28:21 | Create | Camel Scout |
| 28:21 | Create | Camel Scout |
Match timeline
| 6:29 | ELEG | Huitzilopochtli · wall_segment Palisade Wall x1 |
| 6:31 | ELEG | Huitzilopochtli · wall_segment Palisade Wall x1 |
| 6:36 | ELEG | Huitzilopochtli · wall_segment Palisade Wall x1 |
| 7:18 | Macuahuitil_MX · wall_segment Palisade Wall x1 |
| 7:19 | Macuahuitil_MX · wall_segment Palisade Wall x1 |
| 7:23 | Macuahuitil_MX · wall_segment Palisade Wall x1 |
| 7:28 | Macuahuitil_MX · wall_segment Palisade Wall x1 |
| 8:29 | Macuahuitil_MX · wall_segment Palisade Wall x1 |
| 8:32 | Macuahuitil_MX · wall_segment Palisade Wall x1 |
| 8:34 | Macuahuitil_MX · wall_segment Palisade Wall x1 |
| 9:30 | ELEG | Huitzilopochtli · age_up feudal |
| 12:46 | ELEG | Huitzilopochtli · wall_segment Palisade Wall x1 |
| 12:51 | ELEG | Huitzilopochtli · wall_segment Palisade Wall x1 |
| 12:53 | ELEG | Huitzilopochtli · wall_segment Palisade Wall x1 |
| 12:55 | ELEG | Huitzilopochtli · wall_segment Palisade Wall x1 |
| 12:57 | ELEG | Huitzilopochtli · wall_segment Palisade Wall x1 |
| 13:13 | ELEG | Huitzilopochtli · first_building Barracks |
| 13:24 | ELEG | Huitzilopochtli · wall_segment Palisade Wall x1 |
| 13:26 | ELEG | Huitzilopochtli · wall_segment Palisade Wall x1 |
| 13:38 | Macuahuitil_MX · wall_segment Palisade Wall x1 |
| 13:43 | Macuahuitil_MX · wall_segment Palisade Wall x1 |
| 13:46 | Macuahuitil_MX · wall_segment Palisade Wall x1 |
| 13:49 | Macuahuitil_MX · wall_segment Palisade Wall x1 |
| 13:50 | Macuahuitil_MX · wall_segment Palisade Wall x1 |
| 13:52 | Macuahuitil_MX · wall_segment Palisade Wall x1 |
| 13:54 | Macuahuitil_MX · wall_segment Palisade Wall x1 |
| 13:55 | Macuahuitil_MX · wall_segment Palisade Wall x1 |
| 13:55 | Macuahuitil_MX · wall_segment Palisade Wall x1 |
| 14:12 | ELEG | Huitzilopochtli · first_building Archery Range |
| 14:15 | ELEG | Huitzilopochtli · wall_segment Palisade Wall x1 |
| 14:16 | ELEG | Huitzilopochtli · wall_segment Palisade Wall x1 |
| 14:18 | ELEG | Huitzilopochtli · wall_segment Palisade Wall x1 |
| 14:56 | ELEG | Huitzilopochtli · wall_segment Palisade Wall x1 |
| 14:57 | ELEG | Huitzilopochtli · wall_segment Palisade Wall x1 |
| 15:51 | Macuahuitil_MX · wall_segment Palisade Wall x1 |
| 16:07 | Macuahuitil_MX · wall_segment Palisade Wall x1 |
| 16:36 | Macuahuitil_MX · wall_segment Palisade Wall x1 |
| 16:47 | ELEG | Huitzilopochtli · wall_segment Palisade Wall x1 |
| 17:10 | ELEG | Huitzilopochtli · wall_segment Palisade Wall x1 |
| 17:13 | Macuahuitil_MX · wall_segment Palisade Wall x1 |
| 17:21 | Macuahuitil_MX · wall_segment Palisade Wall x1 |
| 17:22 | Macuahuitil_MX · wall_segment Palisade Wall x1 |
| 17:22 | Macuahuitil_MX · wall_segment Palisade Wall x1 |
| 17:22 | Macuahuitil_MX · wall_segment Palisade Wall x1 |
| 18:57 | Macuahuitil_MX · age_up feudal |
| 19:28 | ELEG | Huitzilopochtli · wall_segment Palisade Wall x2 |
| 19:56 | Macuahuitil_MX · first_market_buy 100 stone |
| 21:07 | Macuahuitil_MX · first_building Barracks |
| 21:22 | ELEG | Huitzilopochtli · first_market_sell 100 wood |
| 21:22 | ELEG | Huitzilopochtli · first_market_buy 100 food |
| 21:56 | Macuahuitil_MX · first_building Stable |
| 23:10 | Macuahuitil_MX · age_up castle |
| 24:03 | Macuahuitil_MX · first_building Siege Workshop |
| 24:10 | ELEG | Huitzilopochtli · wall_segment Palisade Wall x1 |
| 24:14 | ELEG | Huitzilopochtli · wall_segment Palisade Wall x1 |
| 24:21 | ELEG | Huitzilopochtli · wall_segment Palisade Wall x1 |
| 24:26 | ELEG | Huitzilopochtli · wall_segment Palisade Wall x2 |
| 24:44 | ELEG | Huitzilopochtli · first_building Stable |
| 25:36 | ELEG | Huitzilopochtli · age_up castle |
| 26:11 | Macuahuitil_MX · first_building Monastery |
| 26:48 | Macuahuitil_MX · wall_segment Stone Wall x1 |
| 28:29 | Macuahuitil_MX · wall_segment Palisade Wall x1 |
| 28:32 | Macuahuitil_MX · wall_segment Palisade Wall x1 |
| 28:53 | ELEG | Huitzilopochtli · resign |
[ AI ANALYSIS · 1 CREDIT ]
What really happened in this match?
Wolo.gg analyzes every decision: build order, eco, micro, common mistakes by bracket. Personalized analysis on WhatsApp or Discord in 30 seconds.
Civ guide
Persians
Perfil
Jugador #11460120